 Dungeon Crawl Stone Soup version 0.14-a0-1721-g84c87b2 (webtiles) character file.

723 CrazyArbalest the Cudgeler (level 7, -5/72 HPs)
             Began as an Ogre Berserker on Jan 2, 2014.
             Was an Elder of Trog.
             Slain by an orc
             ... wielding a +0,+4 orcish dagger of distortion
              (24 damage)
             ... on Level 5 of the Dungeon.
             The game lasted 00:21:29 (4652 turns).

CrazyArbalest the Cudgeler (Ogre Berserker)         Turns: 4652, Time: 00:21:31

HP  -5/72        AC  3     Str 23      XL: 7   Next: 19%
MP   7/7         EV 11     Int  8      God: Trog [****..]
Gold 212         SH  0     Dex  9      Spells:  0 memorised,  6 levels left

rFire  . . .     SeeInvis .     F - +1 orc mace
rCold  . . .     Clarity  .     b - +0 animal skin
rNeg   . . .     Conserve .     (shield restricted)
rPois  .         rCorr    .     (helmet restricted)
rElec  .         rRot     .     (no cloak)
SustAb . .       Spirit   .     (gloves unavailable)
rMut   .         Warding  .     (boots unavailable)
Saprov + . .     Stasis   .     (no amulet)
                                (no ring)
                                (no ring)

@: exhausted, slowed, drained, very slow, slightly resistant to hostile
enchantments, unstealthy
A: unfitting armour, fast metabolism 1, saprovore 1, tough skin 1
a: Burn Spellbooks, Berserk, Trog's Hand, Brothers in Arms, Renounce Religion


You were on level 5 of the Dungeon.
You worshipped Trog.
Trog was greatly pleased with you.
You were very hungry.

You visited 1 branch of the dungeon, and saw 5 of its levels.
You visited the Abyss 1 time.

You collected 212 gold pieces.

Inventory:

Hand weapons
 F - a +1,+1 orcish mace (weapon)
 G - a +0,+0 orcish flail
 H - a +0,+3 orcish flail
 I - a -1,+1 orcish mace
 J - a -1,+1 orcish mace
Armour
 b - a +0 animal skin (worn)
Comestibles
 c - 5 meat rations
 o - an apple
 v - 3 bread rations
Scrolls
 f - 2 scrolls of enchant armour {unknown}
 g - 7 scrolls of remove curse {unknown}
 h - a scroll of curse weapon {unknown}
 n - a scroll of random uselessness {unknown}
 q - 2 scrolls of fear {unknown}
 r - a scroll of magic mapping {unknown}
 s - 6 scrolls of identify {unknown}
 t - 3 scrolls of teleportation {unknown}
 x - 2 scrolls of immolation {unknown}
 y - a scroll of fog {unknown}
 D - a scroll of blinking {unknown}
 K - a scroll of enchant weapon II {unknown}
 L - 2 scrolls of noise {unknown}
 M - 3 scrolls of curse jewellery {unknown}
Potions
 a - a potion of confusion {unknown}
 d - 2 potions of curing {unknown}
 e - 2 potions of magic {unknown}
 k - a potion of paralysis {unknown}
 l - 2 potions of agility {unknown}
 m - 2 potions of brilliance {unknown}
 p - a potion of restore abilities {unknown}
 u - 2 potions of lignification {unknown}
 w - 4 potions of heal wounds {unknown}
 z - a potion of poison {unknown}
 C - 2 potions of degeneration {unknown}
 E - a potion of might {unknown}
Books
 A - a Grand Grimoire {highlevel}

   This book is beyond your current level of understanding.

   Spells                             Type                      Level
   Demonic Horde                      Summoning                    6
   Mass Abjuration                    Summoning                    6
   Haunt                              Necromancy/Summoning         7
   Summon Greater Demon               Summoning                    7
   Malign Gateway                     Summoning/Translocation      7
   Summon Horrible Things             Summoning                    8
   Trog disapproves of the use of such an item.
Miscellaneous
 i - a plain deck of summonings


   Skills:
 + Level 5.3(5.0) Fighting
 + Level 6.3(6.0) Maces & Flails
 * Level 3.4(3.1) Throwing
 + Level 5.0(4.7) Dodging
 + Level 0.6(0.3) Stealth


You had 6 spell levels left.
You didn't know any spells.

Dungeon Overview and Level Annotations

Branches:
Dungeon (5/16)
 Temple: D:4-7

Altars:
Nemelex Xobeh
Okawaru
Sif Muna
Vehumet

Shops:
D:4 (


Innate Abilities, Weirdness & Mutations

You are too large for most types of armour.
You have a fast metabolism.
You can tolerate rotten meat.
You have tough skin (AC +1).


Message History

Okay, then.
You closely miss the orc.
The orc hits you with an orcish dagger of distortion.
You feel strangely unstable.
You hit the orc.
The orc is heavily wounded.
The orc hits you but does no damage. Space bends around you.
The orc hits you but does no damage. Space bends around you.
* * * LOW HITPOINT WARNING * * *
You hit the orc.
The orc is severely wounded.
Your surroundings suddenly seem different.
You see here a giant club.
You hit the orc.
The orc is severely wounded.
The orc closely misses you.
The orc hits you with an orcish dagger of distortion.
* * * LOW HITPOINT WARNING * * *
Space warps horribly around you!
You die...

#####.'###########..#...
#.....g.............#...
#...................#.).
#............>......#...
#......)..............K.
#....).............#####
#.........#.########
#######o....#
######@##### #....).#
#.####### #.#.....#
#.#.###.# #.#.#<#.#
#.#.#.#.# #.#...#.#
#.#####.#


You could see an orc and a hobgoblin.

Vanquished Creatures
  An ogre (D:5)
  A hound (D:5)
  An orc priest (D:5)
  A scorpion (D:4)
  4 orc wizards
  2 worker ants
  3 adders
  2 worms
  An ufetubus (Abyss:1)
  An adder skeleton (D:5)
  2 giant geckos
  An ooze (D:3)
  18 orcs
  A ball python (D:3)
  11 bats
  A bat skeleton (D:4)
  6 giant cockroaches
  12 goblins
  12 hobgoblins
  2 jackals (D:1)
  7 kobolds
  2 quokkas (D:3)
  4 training dummies (D:5)
  5 giant newts
  A hobgoblin zombie (D:5)
  A kobold skeleton (D:5)
  A quokka zombie (D:5)
  8 rats
112 creatures vanquished.

Notes
Turn   | Place    | Note
--------------------------------------------------------------
     0 | D:1      | CrazyArbalest, the Ogre Berserker, began the quest for the Orb.
     0 | D:1      | Reached XP level 1. HP: 24/24 MP: 1/1
   203 | D:1      | Reached XP level 2. HP: 30/33 MP: 2/2
   312 | D:1      | Acquired Trog's second power
   341 | D:1      | Found a sparkling altar of Nemelex Xobeh.
   676 | D:1      | Reached XP level 3. HP: 36/40 MP: 3/3
  1368 | D:2      | Reached skill level 1 in Throwing
  1523 | D:2      | Reached XP level 4. HP: 33/49 MP: 4/4
  2155 | D:2      | Found a deep blue altar of Sif Muna.
  2473 | D:3      | Reached XP level 5. HP: 41/55 MP: 5/5
  2500 | D:3      | HP: 4/82 [something (2)]
  2876 | D:3      | Reached skill level 5 in Maces & Flails
  3338 | D:4      | Found a radiant altar of Vehumet.
  3502 | D:4      | Found Geasuar's Weapon Shop.
  3607 | D:4      | Reached XP level 6. HP: 29/65 MP: 6/6
  3947 | D:5      | Entered Level 5 of the Dungeon
  3996 | D:5      | Reached skill level 5 in Fighting
  4011 | D:5      | Acquired Trog's third power
  4061 | D:5      | Cast into the Abyss (orc)
  4238 | Abyss:1  | Noticed a small abomination
  4243 | Abyss:1  | Noticed a large abomination
  4247 | Abyss:1  | Noticed a shadow
  4256 | D:5      | Escaped the Abyss
  4280 | D:5      | Found an iron altar of Okawaru.
  4557 | D:5      | Reached skill level 6 in Maces & Flails
  4557 | D:5      | Reached XP level 7. HP: 72/72 MP: 7/7
  4617 | D:5      | Reached skill level 5 in Dodging
  4652 | D:5      | Slain by an orc

Action                   |  1- 3 |  4- 6 |  7- 9 || total
-------------------------+-------+-------+-------++-------
Melee: Mace              |   143 |   285 |    28 ||   456
Throw: Javelin           |       |     4 |     1 ||     5
Invok: Berserk           |       |     2 |     1 ||     3
